 Dungeon Crawl Stone Soup version 0.27.0-1-g7a089689b8 (webtiles) character file.

Game seed: 14790856942614461970

565 robertstho the Ruffian (level 7, 0/58 HPs)
             Began as a Ghoul Gladiator on Aug 6, 2021.
             Slain by an ogre (11 damage)
             ... on level 4 of the Dungeon.
             The game lasted 00:03:46 (2132 turns).

robertstho the Ruffian (Ghoul Gladiator)            Turns: 2132, Time: 00:03:47

Health: 0/58       AC: 15    Str: 18    XL:     7   Next: 32%
Magic:  6/6        EV:  6    Int:  5    God:
Gold:   112        SH:  0    Dex: 10    Spells: 6/6 levels left

rFire    . . .     SeeInvis .     - Unarmed
rCold    + . .     Faith    .   (no shield)
rNeg     + + +     Spirit   .   k - +3 plate armour
rPois    ∞         Reflect  .   b - +0 helmet
rElec    .         Harm     .   (no cloak)
rCorr    .         Rampage  .   (no gloves)
Will     .....                  (no boots)
Stlth    ..........             (no amulet)
HPRegen  0.00/turn              (no ring)
MPRegen  0.10/turn              (no ring)

@: inhibited regen
A: claws 1, cold resistance 1, negative energy resistance 3, inhibited
regeneration, torment resistance 2
a: no special abilities


You were on level 4 of the Dungeon.
You visited 1 branch of the dungeon, and saw 4 of its levels.

You collected 112 gold pieces.

Inventory:

Missiles
 c - 3 throwing nets (quivered)
Armour
 b - a +0 helmet (worn)
 k - a +3 plate armour (worn)
Jewellery
 m - an amulet of faith
 n - a ring of protection from fire
Scrolls
 a - a scroll of torment {unknown}
 f - a scroll of fear {unknown}
 g - a scroll of blinking {unknown}
 h - a scroll of noise {unknown}
 j - a scroll of acquirement {unknown}
 l - a scroll of vulnerability {unknown}
Potions
 d - a potion of invisibility
 e - a potion of haste
 i - a potion of lignification {unknown}
 o - a potion of heal wounds {unknown}
 p - a potion of curing {unknown}


   Skills:
 * Level 3.8 Fighting
 + Level 2.1 Throwing
 * Level 3.5 Armour
 + Level 3.3 Dodging
 + Level 1.2 Stealth
 + Level 6.2 Unarmed Combat


You had 6 spell levels left.
You didn't know any spells.
Your spell library contained the following spells:

 Spells                   Type           Power      Damage    Failure   Level
 Corona                   Hex            0%         N/A       100%        1
 Ensorcelled Hibernation  Hex/Ice        0%         N/A       100%        2
 Conjure Flame            Conj/Fire      0%         6-21      100%        3
 Ignite Poison            Fire/Tmut/Pois 0%         N/A       100%        3
 Ozocubu's Armour         Ice            0%         N/A       100%        3
 Portal Projectile        Hex/Tloc       0%         N/A       100%        3
 Tukima's Dance           Hex            0%         N/A       100%        3
 Sticky Flame             Conj/Fire      0%         2d3       100%        4
 Excruciating Wounds      Necr           0%         N/A       100%        5
 Metabolic Englaciation   Hex/Ice        0%         N/A       100%        5
 Simulacrum               Ice/Necr       0%         N/A       100%        6
 Blade Hands              Tmut           Unusable   N/A       N/A         5

Dungeon Overview and Level Annotations

Branches:
Dungeon (4/15)
 Temple: D:4-7

Altars:

Shops:
D:2 =


Innate Abilities, Weirdness & Mutations

You thrive by killing the living.
You are immune to poison.
You have sharp fingernails.
Your flesh is cold resistant. (rC+)
You are immune to negative energy. (rN+++)
You do not regenerate when monsters are visible.
You are immune to unholy pain and torment.


Message History

The giant cockroach bites you but does no damage.
The ogre hits you with a +0 giant club.
You scratch the ogre.
The ogre is moderately wounded.
The giant cockroach bites you but does no damage.
The giant cockroach bites you.
You claw the ogre!
The ogre is severely wounded.
The ogre barely misses you.
The giant cockroach completely misses you.
Your plate armour prevents you from hitting the ogre.
The ogre is severely wounded.
The ogre barely misses you.
The giant cockroach bites you but does no damage.
You scratch the ogre.
The ogre is severely wounded.
The giant cockroach bites you but does no damage.
You scratch the ogre.
The ogre is severely wounded.
The ogre hits you with a +0 giant club!
* * * LOW HITPOINT WARNING * * *
The giant cockroach bites you but does no damage.
You scratch the ogre.
The ogre is severely wounded.
The giant cockroach bites you but does no damage.
The ogre completely misses you.
You scratch the ogre.
The ogre is severely wounded.
The giant cockroach bites you but does no damage.
You scratch the ogre but do no damage.
The ogre is severely wounded.
The ogre hits you with a +0 giant club.
* * * LOW HITPOINT WARNING * * *
The giant cockroach waves its antennae.
The giant cockroach bites you but does no damage.
You barely miss the ogre.
The ogre is severely wounded.
The giant cockroach bites you but does no damage.
The ogre hits you with a +0 giant club!
You die...

#.......# #.#
#.#####.# #.# ..#
#.# #.# ### #.#
##.##
#######.######...#
................<##
#######...........#
#...........#
#.######.B@.# #.#
#/###O# #.# #.# ...
..# #. ..... ### #
.....# .......
.....## .....#


You could see an ogre and a giant cockroach.

Vanquished Creatures
  Grinder (D:3)
  Eustachio (D:4)
  A scorpion (D:4)
  An iguana (D:4)
  A hound skeleton (D:4)
  4 gnolls
  2 adders
  3 dart slugs
  An orc (D:3)
  5 endoplasms
  4 giant cockroaches
  5 goblins
  6 hobgoblins
  3 jackals (D:1)
  2 quokkas (D:3)
  7 ball pythons
  2 bats
  2 frilled lizards (D:1)
  5 kobolds
  11 rats
67 creatures vanquished.

Notes
Turn   | Place    | Note
-------+----------+-------------------------------------------
     0 | D:1      | robertstho the Ghoul Gladiator began the quest for the Orb.
     0 | D:1      | Reached XP level 1. HP: 17/17 MP: 0/0
   164 | D:1      | Reached XP level 2. HP: 24/25 MP: 1/1
   298 | D:1      | Found a faded altar of an unknown god.
   491 | D:1      | Reached XP level 3. HP: 30/30 MP: 2/2
   516 | D:1      | Reached skill level 4 in Unarmed Combat
   814 | D:2      | Found Hirogh's Jewellery Boutique.
   872 | D:2      | Reached skill level 1 in Armour
   878 | D:2      | Reached XP level 4. HP: 37/37 MP: 3/3
  1378 | D:3      | Noticed Grinder
  1405 | D:3      | Killed Grinder
  1406 | D:3      | Reached skill level 5 in Unarmed Combat
  1406 | D:3      | Reached XP level 5. HP: 34/45 MP: 4/4
  1406 | D:3      | Reached XP level 6. HP: 39/51 MP: 5/5
  1886 | D:4      | Noticed Eustachio
  1913 | D:4      | Killed Eustachio
  1914 | D:4      | Reached skill level 1 in Stealth
  1914 | D:4      | Reached skill level 6 in Unarmed Combat
  1914 | D:4      | Reached XP level 7. HP: 35/58 MP: 6/6
  2132 | D:4      | Slain by an ogre

Illustrated notes

Levels and vault maps discovered:
D:1:      giann_bridges, layout_loops_ring, ebering_ecumenical_altar_hall
D:2:      layout_rooms, serial_shops, nicolae_shop_crystal
D:3:      layout_rooms, corner_web_ring, uniq_grinder
D:4:      layout_loops_ring, zin_purify, serial_shops, kennysheep_mini_moat,
          nicolae_shop_waterfront, minivault_14, goddamned_bats, uniq_duvessa,
          uniq_eustachio

Skill      XL: |  1  2  3  4  5  6 |
---------------+-------------------+-----
Throwing       | 2 |  2.1
Unarmed Combat | 4 5 6 |  6.2
Armour         | 1 2 3 |  3.5
Dodging        | 3 |  3.3
Fighting       | 3 |  3.8
Stealth        | 1 |  1.2

Action                   |  1- 3 |  4- 6 |  7- 9 || total
-------------------------+-------+-------+-------++-------
Melee: Unarmed           |    75 |   107 |    28 ||   210
       Punch             |       |     1 |       ||     1
  Use: Scroll            |       |     2 |       ||     2
       Potion            |       |     2 |       ||     2
 Stab: Invisible         |       |     3 |       ||     3
Armor: Leather armour    |    24 |     4 |       ||    28
       Plate armour      |       |    46 |    21 ||    67
Dodge: Dodged            |    35 |    30 |    14 ||    79
